 Dungeon Crawl Stone Soup version 0.31-a0-986-g5e6e4ef867 (webtiles) character file.

Game seed: 2144315536202653344

1324 jasper the Fighter (level 8, -4/93 HPs)
             Began as an Ogre Wanderer on Nov 4, 2023.
             Was a Believer of Nemelex Xobeh.
             Slain by a gnoll
             ... wielding a +0 halberd
              (14 damage)
             ... on level 6 of the Dungeon.
             The game lasted 00:09:36 (6699 turns).

jasper the Fighter (Ogre Wanderer)                  Turns: 6699, Time: 00:09:37

Health: -4/93      AC:  4    Str: 20    XL:     8   Next: 60%
Magic:  13/13      EV:  9    Int: 11    God:    Nemelex Xobeh [**....]
Gold:   175        SH:  0    Dex:  9    Spells: 10/11 levels left

rFire   . . .        o - +0 quarterstaff
rCold   . . .        (shield currently unavailable)
rNeg    . . .        e - +0 robe
rPois   .            c - +0 hat
rElec   .            y - +0 cloak
rCorr   .            (gloves unavailable)
SInv    .            (boots unavailable)
Will    .....        (no amulet)
Stlth   +            (no ring)
HPRegen 0.35/turn    (no ring)
MPRegen 0.13/turn

%: no passive effects
@: no status effects
A: large, unfitting armour, tough skin 1
a: Renounce Religion, Draw Escape, Draw Destruction, Draw Summoning


You were on level 6 of the Dungeon.
You worshipped Nemelex Xobeh.
Nemelex Xobeh was pleased with you.
You visited 1 branch of the dungeon, and saw 6 of its levels.
You also visited: Ossuary.

You collected 175 gold pieces.

Inventory:

Hand Weapons
 a - a +2 dagger
 i - a +0 trident
 l - a +0 vampiric dagger
 o - a +0 quarterstaff (weapon)
 t - a +1 whip of electrocution
Missiles
 b - 3 curare-tipped darts
 f - 64 stones
 m - 11 poisoned darts
 s - 4 javelins
Armour
 c - a +0 hat (worn)
 e - a +0 robe (worn)
 y - a +0 cloak (worn)
Scrolls
 g - a scroll of blinking {unknown}
 n - a scroll of teleportation
 p - 2 scrolls of vulnerability
 r - 2 scrolls of revelation
 u - a scroll of fog
Potions
 d - a potion of attraction
 h - a potion of cancellation {unknown}
 j - 3 potions of degeneration
 k - 3 potions of brilliance
 q - 2 potions of curing
 v - 4 potions of enlightenment {unknown}
 w - 4 potions of mutation {unknown}
 x - a potion of haste {unknown}
 A - a potion of magic {unknown}
 B - a potion of berserk rage {unknown}


   Skills:
 + Level 10.0 Fighting
 - Level 3.0 Throwing
 - Level 1.7 Dodging
 - Level 1.0 Stealth
 - Level 2.4 Spellcasting
 - Level 1.7 Earth Magic
 + Level 7.0 Invocations


You had 10 spell levels left.
You knew the following spells:

 Your Spells              Type           Power      Damage    Failure   Level
a - Sandblast             Erth           10%        2d5       14%         1

Your spell library contained the following spells:

 Spells                   Type           Power      Damage    Failure   Level
 Foxfire                  Conj/Fire      4%         2x1d4     28%         1
 Stone Arrow              Conj/Erth      6%         3d7       52%         3
 Plasma Beam              Fire/Air       0%         2x1d10    100%        6
 Starburst                Conj/Fire      0%         6d3       100%        6


Dungeon Overview and Level Annotations

Branches:
Dungeon (6/15)             Temple (0/1) D:6         Ossuary (visited)

Altars:
Cheibriados
Nemelex Xobeh
Yredelemnul

Shops:
D:3 ?


Innate Abilities, Weirdness & Mutations

You are too large for most types of armour.
You have tough skin. (AC +1)


Message History

The gnoll misses you.
You take 7 damage, and have 67/93 hp.
The gnoll attacks as it pursues you! The gnoll closely misses you.
The gnoll hits the bush with a +0 club.
The hound bites you.
You see here 7 gold pieces.
The hound attacks as it pursues you! The hound bites you.
You take 2 damage, and have 65/93 hp.
The hound attacks as it pursues you! The hound bites you. x2
You take 5 damage, and have 60/93 hp.
Found a stone staircase leading down.
The hound attacks as it pursues you! The hound closely misses you.
The hound bites you.
You take 1 damage, and have 59/93 hp.
The hound attacks as it pursues you! The hound bites you.
The gnoll attacks as it pursues you!
The gnoll hits you from afar with a +0 halberd.
You take 3 damage, and have 56/93 hp.
The hound bites you but does no damage.
You hit the hound.
The hound is almost dead.
The hound bites you.
The gnoll hits you from afar with a +0 halberd!
The hound bites you.
You take 16 damage, and have 40/93 hp.
You closely miss the hound.
The hound is almost dead.
The hound barely misses you.
The gnoll hits you from afar with a +0 halberd!
The hound bites you.
* * * LOW HITPOINT WARNING * * *
The gnoll hits you from afar with a +0 halberd!
* * * LOW HITPOINT WARNING * * *
You take 27 damage, and have 13/93 hp.
MASSIVE DAMAGE!!
You closely miss the hound.
The hound is almost dead.
The hound bites you.
* * * LOW HITPOINT WARNING * * *
The gnoll hits you from afar with a +0 halberd!
You die...
Your body disappears without a glow.

...# .>.## ...#
#..#. ....# ....
..... . ...## ....##
.. #..# #...... ...
###.####....... ....
##.#..gh@..# #....
#....gg#.###
......###.#...###
........$.....# .
.......P.P...## #.
##......PP.#.# ...
........>P...#
##....
...##..P.P...##....#
## #..............#


You could see a hound and 3 gnolls.

Vanquished Creatures
  A water moccasin (D:4)
  An ice beast (D:4)
  2 ogres
  A centaur (D:5)
  A phantom (D:5)
  A bullfrog (D:5)
  3 water moccasin zombies (Ossuary)
  2 howler monkeys
  4 hounds
  Natasha (D:2)
  2 iguanas
  2 mummies (Ossuary)
  3 adders (D:4)
  A shadow imp (D:5)
  2 ufetubi
  8 adder zombies (Ossuary)
  2 worms
  2 dart slugs
  18 orcs
  3 ball pythons
  6 bats
  6 endoplasms
  3 giant cockroaches
  10 goblins
  6 hobgoblins
  2 quokkas
  2 frilled lizards (D:3)
  2 gnoll zombies (Ossuary)
  3 hobgoblin zombies (Ossuary)
  7 kobolds
  3 kobold zombies (Ossuary)
  4 orc zombies (Ossuary)
  3 rats
117 creatures vanquished.

Vanquished Creatures (collateral kills)
  A phantom (D:4)
1 creature vanquished.

Grand Total: 118 creatures vanquished

Notes
Turn   | Place    | Note
-------+----------+-------------------------------------------
     0 | D:1      | jasper the Ogre Wanderer began the quest for the Orb.
     0 | D:1      | jasper set off with the following items: a +2 dagger, 4
                  | curare-tipped darts, a +0 hat, a potion of attraction, a +0
                  | robe; and the following spell memorised: Sandblast; and the
                  | following spells available to memorise: Stone Arrow.
     0 | D:1      | Reached XP level 1. HP: 16/16 MP: 3/3
   132 | D:1      | Reached skill level 1 in Fighting
   424 | D:1      | Reached skill level 2 in Fighting
   424 | D:1      | Reached XP level 2. HP: 23/28 MP: 1/5
  1126 | D:2      | Reached skill level 3 in Fighting
  1354 | D:2      | Reached XP level 3. HP: 34/37 MP: 1/6
  1890 | D:2      | Noticed Natasha
  1897 | D:2      | Killed Natasha
  1898 | D:2      | Reached skill level 4 in Fighting
  1898 | D:2      | Reached XP level 4. HP: 16/49 MP: 1/7
  2621 | D:3      | Reached skill level 5 in Fighting
  2739 | D:3      | Found Zeaped's Magic Scroll Boutique.
  3024 | D:3      | Found a faded altar of an unknown god.
  3142 | D:3      | Prayed at the altar of an unknown god.
  3142 | D:3      | Became a worshipper of Nemelex Xobeh the Trickster
  3142 | D:3      | Reached * piety under Nemelex Xobeh
  3142 | D:3      | Received a gift from Nemelex Xobeh
  3233 | D:4      | Reached skill level 1 in Invocations
  3295 | D:4      | Found a sand-covered staircase.
  3312 | Ossuary  | Entered an ossuary
  3383 | Ossuary  | Reached skill level 6 in Fighting
  3383 | Ossuary  | Reached XP level 5. HP: 17/59 MP: 8/8
  3398 | Ossuary  | Reached XP level 6. HP: 19/68 MP: 9/9
  3974 | D:4      | Reached skill level 7 in Fighting
  4022 | D:4      | Reached XP level 7. HP: 23/78 MP: 10/10
  4798 | D:5      | Entered Level 5 of the Dungeon
  4808 | D:5      | Reached skill level 8 in Fighting
  4810 | D:5      | Reached skill level 5 in Invocations
  5060 | D:4      | Reached XP level 8. HP: 10/91 MP: 12/12
  5073 | D:4      | Reached skill level 9 in Fighting
  5767 | D:5      | Received a gift from Nemelex Xobeh
  6058 | D:5      | Reached ** piety under Nemelex Xobeh
  6306 | D:5      | Reached skill level 10 in Fighting
  6565 | D:5      | Received a gift from Nemelex Xobeh
  6602 | D:5      | Found a snail-covered altar of Cheibriados.
  6607 | D:5      | Found a basalt altar of Yredelemnul.
  6664 | D:6      | Found a staircase to the Ecumenical Temple.
  6699 | D:6      | Slain by a gnoll

Illustrated notes

Levels and vault maps discovered:
D:1:      eino_arrival_water_star, layout_basic
D:2:      layout_loops_ring, minmay_fountain_box, grunt_decor_junction,
          uniq_natasha
D:3:      layout_loops_ring, hellmonk_ecumenical_altar_leap_of_faith,
          serial_shops, nicolae_shop_just_a_little_nook,
          nicolae_elevator_lobby_plus
D:4:      layout_rooms, nicolae_ossuary_entry_ruins
D:5:      layout_gridville, mainiacjoe_overflow_big_doors
D:6:      layout_cave_pools, minmay_temple_entry_overgrown, solitary_fountain,
          nicolae_shop_gadgets

Skill      XL: |  1  2  3  4  5  6  7  8 |
---------------+-------------------------+-----
Fighting       | 2 3 4 6 7 8 10 | 10.0
Invocations    | 2 4 5 7 |  7.0
Throwing       | |  3.0
Dodging        | |  1.7
Stealth        | |  1.0
Spellcasting   | |  2.4
Earth Magic    | |  1.7

Action                     |  1- 3 |  4- 6 |  7- 9 || total
---------------------------+-------+-------+-------++-------
  Melee: Dagger            |     8 |       |       ||     8
         Punch             |     1 |       |     1 ||     2
         Trident           |    11 |   150 |    12 ||   173
         Unarmed           |       |    15 |     9 ||    24
         Quarterstaff      |       |       |   131 ||   131
  Throw: Dart              |       |       |     3 ||     3
         Throwing net      |       |       |     1 ||     1
   Cast: Sandblast         |    54 |    39 |       ||    93
 Invoke: Draw Destruction  |       |       |     3 ||     3
         Draw Summoning    |       |       |     1 ||     1
  Evoke: Wand              |       |     2 |     5 ||     7
    Use: Scroll            |     3 |     7 |     2 ||    12
         Potion            |       |     1 |     4 ||     5
   Stab: Sleeping          |       |     1 |     1 ||     2
 Armour: Robe              |    36 |   128 |   205 ||   369
         Skin              |       |    16 |    13 ||    29
  Dodge: Dodged            |    26 |    76 |   121 ||   223

Table legend: (Time is in decaauts)
 A = Elapsed time spent in this place.
 B = Non-inter-level travel time spent in this place.
 C = Inter-level travel time spent in this place.
 D = Time resting spent in this place.
 E = Time spent auto-exploring this place.
 F = Levels seen in this place.
 G = Mean time per level.
                   A        B        C        D        E       F      G
               +--------+--------+--------+--------+--------+-----+--------+
         Total |   6846 |   6706 |    140 |    992 |   4590 |   7 |  978.0 |
       Dungeon |   6192 |   6052 |    140 |    810 |   4328 |   6 | 1032.0 |
       Ossuary |    654 |    654 |      0 |    182 |    262 |   1 |  654.0 |
               +--------+--------+--------+--------+--------+-----+--------+

Top non-repeatable levels by time:
     D:4: 1756 daAuts
     D:2: 1268 daAuts
     D:5: 1114 daAuts
     D:3: 1043 daAuts
     D:1: 962 daAuts
 Ossuary: 654 daAuts
     D:6: 45 daAuts
